Map: Moondance

Players

Bunny - Winner!

  • Race: Terran Terran
  • League: Silver
  • Spawn Location: 6:00

llllllllllll (herO)

  • Race: Protoss Protoss
  • League: Grandmaster
  • Spawn Location: 12:00

VOD

Have the link to the VOD?

Description

Time

  • Played on: Oct. 20, 2022, 11:02 a.m.
  • Length: 19:47
Show
View Real Time Build Order
Export as new Build Order

Bunny Terran - Winner!

Build Orders: Cyclone Opening 

Get SALT Encoding   

  12  0:00  SCV  
  13  0:12  SCV  
  14  0:17  Supply Depot  
  14  0:24  SCV  
  15  0:38  SCV  
  15  0:40  Barracks  
  15  0:42  Refinery  
  16  0:51  SCV  
  16  0:52  Refinery  
  17  1:03  SCV  
  18  1:15  SCV  
  19  1:27  Reaper, Orbital Command  
  20  1:34  Supply Depot  
  20  1:42  Factory  
  20  1:53  SCV  
  21  2:00  Barracks Reactor  
  21  2:05  SCV  
  22  2:19  Command Center  
  22  2:21  SCV  
  23  2:25  Factory Tech Lab  
  23  2:33  SCV  
  23  2:36  Marine x2  
  26  2:39  Bunker  
  26  2:45  Cyclone  
  28  2:52  SCV  
  28  3:01  Marine x2  
  29  3:12  SCV  
  29  3:30  Siege Tank  
  29  3:31  Marine  
  33  3:35  Orbital Command  
  33  3:37  SCV  
  30  3:51  SCV  
  30  3:55  Marine  
  32  4:03  Siege Tank  
  32  4:08  Supply Depot  
  36  4:10  SCV, Orbital Command  
  34  4:22  SCV  
  35  4:24  Marine  
  35  4:28  Starport  
  36  4:34  SCV  
  36  4:35  SCV  
  36  4:36  Siege Tank  
  41  4:43  Supply Depot  
  41  4:46  SCV  
  41  4:47  Barracks Reactor, SCV  
  43  4:58  SCV  
  43  4:59  SCV  
  45  5:07  Bunker  
  45  5:08  Starport Tech Lab  
  45  5:09  Siege Tank  
  45  5:10  SCV  
  45  5:11  SCV  
  50  5:16  Supply Depot  
  50  5:22  Marine  
  50  5:23  Marine  
  50  5:24  SCV x2  
  54  5:37  SCV x2, Raven  
  54  5:39  Supply Depot  
  58  5:49  Command Center  
  58  5:51  SCV  
  58  5:53  SCV  
  60  6:02  Supply Depot  
  60  6:03  Supply Depot, SCV  
  61  6:05  SCV  
  61  6:09  Barracks  
  62  6:14  Barracks  
  62  6:15  SCV  
  62  6:17  SCV  
  64  6:24  Engineering Bay  
  64  6:26  Engineering Bay  
  64  6:36  Factory Reactor  
  64  6:38  Marine x2  
  64  6:39  SCV  
  68  6:40  SCV, Starport Reactor  
  68  6:42  Refinery  
  68  6:44  Supply Depot, Refinery  
  68  6:51  SCV, Terran Infantry Weapons Level 1  
  68  6:52  SCV, Terran Infantry Armor Level 1  
  70  6:56  Marine x2  
  70  6:58  Marine  
  73  7:03  Orbital Command  
  73  7:06  SCV x2  
  75  7:18  SCV x2  
  77  7:23  Barracks  
  77  7:24  Barracks  
  77  7:25  Medivac  
  77  7:26  Medivac  
  83  7:36  Marauder  
  85  7:38  Stimpack  
  85  7:39  Barracks Tech Lab  
  85  7:40  Widow Mine x2  
  85  7:42  Marine x2  
  89  7:53  SCV x3  
  89  7:55  Medivac  
  89  7:56  Medivac  
  89  7:57  Supply Depot  
  89  7:58  Supply Depot, Marauder  
  98  7:59  Marauder, Combat Shield  
  98  8:03  Widow Mine  
  98  8:04  Widow Mine  
  102  8:12  Barracks Reactor, Barracks Tech Lab  
  102  8:13  Marine x2  
  102  8:15  SCV x3  
  102  8:18  Refinery  
  102  8:19  Armory  
  107  8:21  Supply Depot  
  107  8:22  Supply Depot  
  107  8:23  Marauder x2  
  111  8:28  Widow Mine  
  111  8:30  Marine  
  111  8:31  Marine  
  111  8:33  Medivac  
  117  8:36  Marauder  
  117  8:38  SCV  
  117  8:39  SCV  
  117  8:40  SCV  
  122  8:43  Medivac  
  122  8:46  Widow Mine  
  125  8:48  Marine x2  
  125  8:49  Widow Mine  
  125  8:50  Concussive Shells  
  125  8:55  Marauder x2  
  133  8:57  Marine x2  
  133  8:58  Marauder  
  136  9:06  Supply Depot x2  
  136  9:07  Supply Depot, Widow Mine  
  136  9:08  Medivac  
  136  9:09  Marine  
  139  9:10  Marine  
  139  9:14  Supply Depot  
  139  9:16  Supply Depot  
  141  9:20  Widow Mine  
  141  9:23  Marauder  
  141  9:24  Marauder x2  
  138  9:32  Marine x3  
  138  9:35  Widow Mine  
  140  9:39  Medivac x2  
  140  9:42  Widow Mine  
  152  9:45  Marauder  
  152  9:46  Marauder x2, Marine  
  153  9:54  Marine x2  
  137  10:07  Marauder x2  
  137  10:09  Viking x2  
  137  10:10  Marine x3  
  138  10:19  SCV x3  
  135  10:23  Terran Infantry Armor Level 2, Terran Infantry Weapons Level 2  
  135  10:25  Marine  
  136  10:38  Command Center  
  129  10:55  Marauder x3, Marine x3  
  129  10:56  Marine  
  134  10:59  Widow Mine x2  
  134  11:00  SCV  
  134  11:01  SCV x2  
  138  11:07  Ghost Academy  
  136  11:13  SCV x3  
  137  11:25  Marauder x3  
  141  11:26  Marine x4  
  145  11:33  Viking x2  
  145  11:36  SCV x3  
  152  11:43  Missile Turret  
  152  11:44  Sensor Tower  
  150  11:47  Ghost x2  
  150  11:48  Ghost  
  150  11:51  Planetary Fortress  
  156  11:54  Marine x4  
  156  11:58  Enhanced Shockwaves  
  160  12:05  SCV x3  
  163  12:08  Viking  
  163  12:10  Viking  
  163  12:13  Refinery  
  167  12:15  Refinery  
  167  12:18  Missile Turret  
  167  12:20  Missile Turret, Terran Ship Weapons Level 1  
  167  12:23  Ghost  
  167  12:31  Ghost  
  167  12:33  Ghost  
  167  12:34  Marine x3  
  167  12:35  Marine  
  171  12:49  Medivac x2  
  171  12:51  Widow Mine x2  
  171  12:52  Marine  
  171  12:53  Marine x2  
  171  12:58  Marine  
  174  12:59  SCV x4  
  174  13:03  Missile Turret  
  179  13:06  Terran Infantry Weapons Level 3  
  179  13:15  Terran Infantry Armor Level 3  
  179  13:16  Command Center  
  179  13:19  Marauder x2  
  183  13:20  Marauder  
  185  13:31  Marine x3  
  185  13:32  Marine  
  189  13:39  Liberator x2  
  195  13:43  Personal Cloaking  
  195  13:52  Command Center  
  195  14:05  Marine  
  196  14:10  Marine x2  
  196  14:14  Marine  
  196  14:20  Fusion Core, Starport  
  196  14:22  Supply Depot  
  196  14:23  Marauder  
  195  14:24  Marauder  
  195  14:28  Liberator, Marauder  
  195  14:31  Liberator  
  200  14:38  Marine x2  
  178  14:39  Marine x2  
  178  14:44  Widow Mine x2  
  178  14:45  Marauder x2  
  185  14:47  Terran Ship Weapons Level 2  
  185  14:50  Marauder  
  179  14:59  Marine x2  
  169  15:06  Marauder  
  162  15:07  Marauder  
  162  15:08  Marine  
  162  15:09  Marine  
  162  15:11  Liberator, Marauder  
  162  15:13  Liberator  
  168  15:16  Marine x2, Starport Reactor  
  168  15:17  Advanced Ballistics  
  168  15:18  Orbital Command  
  166  15:28  Marauder x2  
  170  15:32  Marauder, Marine x2  
  170  15:34  Marine  
  173  15:37  Marine  
  172  15:48  Marine  
  172  15:49  Marine  
  167  15:50  Marine  
  167  15:52  Liberator  
  167  15:53  Liberator  
  167  15:54  Planetary Fortress  
  174  15:57  Missile Turret  
  174  16:03  Ghost  
  165  16:04  Marine  
  165  16:05  Marine x2  
  165  16:06  Ghost  
  165  16:11  Marauder, Marine  
  167  16:15  Liberator x2  
  165  16:22  Refinery, Marine x2  
  165  16:23  Refinery, Marine, Command Center  
  157  16:32  Marauder  
  158  16:34  Ghost  
  158  16:35  Medivac  
  158  16:39  Marine x2  
  161  16:41  Barracks  
  161  16:42  Barracks x2  
  160  16:57  Ghost x2  
  160  16:59  Marine x4  
  167  17:03  Liberator  
  170  17:11  Command Center  
  170  17:12  Command Center, Missile Turret  
  168  17:18  Ghost  
  168  17:22  Marine x4  
  159  17:25  Ghost  
  159  17:26  Widow Mine x2  
  158  17:40  Command Center, Sensor Tower  
  156  17:44  Medivac x2  
  156  17:47  Medivac  
  160  17:52  Medivac  
  160  17:55  Barracks Tech Lab x2  
  160  17:57  Barracks Tech Lab  
  162  18:03  Marine  
  162  18:04  Marine x4  
  161  18:25  Liberator  
  161  18:26  Liberator  
  161  18:33  Medivac x2  
  165  18:40  Ghost x2  
  169  18:43  Marine x3  
  170  18:52  Marauder x2, Marine x3  
  157  18:59  Orbital Command  
  157  19:02  Liberator x2  
  158  19:11  Marauder x3  
  146  19:17  Marine x5  
  146  19:18  Marine  
  152  19:26  Refinery  
  143  19:31  Refinery  
Show
View Real Time Build Order
Export as new Build Order

llllllllllll Protoss 

Build Orders:  

Get SALT Encoding   

  12  0:00  Probe  
  13  0:12  Probe  
  14  0:17  Pylon  
  14  0:24  Probe  
  15  0:36  Gateway  
  15  0:37  Probe  
  16  0:46  Pylon  
  17  0:50  Probe  
  17  0:53  Assimilator  
  17  1:04  Gateway  
  17  1:06  Probe  
  18  1:18  Probe  
  18  1:23  Cybernetics Core  
  19  1:27  Zealot  
  19  1:31  Probe  
  22  1:39  Pylon  
  22  1:43  Probe  
  22  1:46  Assimilator  
  23  1:59  Adept (Chrono Boost)  
  23  2:00  Stalker (Chrono Boost)  
  25  2:05  Probe  
  25  2:06  Warp Gate (Chrono Boost)  
  29  2:24  Stalker (Chrono Boost)  
  29  2:27  Probe  
  29  2:28  Adept (Chrono Boost)  
  32  2:46  Stalker (Chrono Boost)  
  32  2:47  Probe  
  35  2:51  Stalker  
  35  3:15  Nexus  
  35  3:19  Sentry  
  37  3:23  Probe  
  38  3:35  Probe  
  39  3:46  Twilight Council  
  39  3:56  Probe  
  39  3:59  Pylon  
  38  4:08  Probe  
  35  4:18  Stalker x2  
  35  4:21  Probe (Chrono Boost), Blink (Chrono Boost)  
  40  4:28  Probe (Chrono Boost)  
  42  4:38  Probe (Chrono Boost)  
  42  4:39  Probe (Chrono Boost)  
  42  4:41  Sentry  
  42  4:42  Sentry  
  42  4:44  Probe  
  42  4:45  Probe  
  48  4:52  Phoenix  
  49  4:56  Probe  
  49  4:57  Probe  
  51  5:03  Nexus  
  51  5:09  Probe x2  
  51  5:13  Stalker  
  55  5:15  Stalker  
  55  5:19  Phoenix  
  57  5:22  Probe x2  
  57  5:25  Pylon  
  59  5:33  Forge  
  59  5:35  Probe x2  
  61  5:36  Robotics Facility  
  61  5:46  Stalker  
  61  5:47  Stalker  
  61  5:48  Probe x2  
  67  5:52  Assimilator  
  67  6:00  Probe x2  
  67  6:01  Pylon  
  69  6:06  Protoss Ground Weapons Level 1  
  69  6:10  Pylon  
  69  6:12  Probe (Chrono Boost)  
  69  6:15  Probe x2 (Chrono Boost)  
  69  6:16  Phoenix  
  72  6:23  Observer (Chrono Boost)  
  72  6:24  Probe (Chrono Boost)  
  76  6:25  Probe x2 (Chrono Boost)  
  76  6:29  Probe (Chrono Boost)  
  76  6:30  Probe x2 (Chrono Boost)  
  79  6:36  Observer (Chrono Boost)  
  80  6:42  Probe x2  
  80  6:43  Probe  
  80  6:44  Nexus  
  80  6:45  Pylon  
  83  6:51  Assimilator  
  83  6:52  Assimilator  
  83  6:54  Assimilator  
  83  6:55  Probe  
  83  6:56  Phoenix, Probe x2  
  83  7:00  Robotics Bay  
  86  7:08  Probe  
  86  7:09  Probe x2, Stalker x2  
  86  7:13  Pylon  
  93  7:17  Pylon  
  94  7:22  Probe  
  94  7:23  Probe x2  
  94  7:29  Robotics Facility  
  96  7:30  Templar Archives  
  96  7:33  Warp Prism (Chrono Boost)  
  96  7:34  Probe  
  96  7:35  Probe x2  
  95  7:44  Charge  
  95  7:45  Gateway  
  95  7:47  Gateway x2, Stalker  
  95  7:48  Gateway  
  95  7:49  Stalker  
  99  7:56  Probe x4  
  100  8:00  Gravitic Drive  
  100  8:08  Probe x4  
  104  8:16  Disruptor (Chrono Boost), Protoss Ground Weapons Level 2 (Chrono Boost)  
  104  8:18  Colossus (Chrono Boost)  
  113  8:20  Probe x2  
  113  8:22  Forge  
  115  8:30  Probe x2  
  115  8:32  Probe x2  
  119  8:35  Zealot, Assimilator  
  119  8:36  Zealot, Pylon  
  119  8:41  Gateway  
  123  8:43  Pylon  
  123  8:48  Photon Cannon  
  123  8:49  Colossus (Chrono Boost)  
  123  8:54  Pylon  
  129  8:57  Colossus (Chrono Boost)  
  129  8:59  Stalker  
  137  9:07  Extended Thermal Lance  
  137  9:08  Pylon  
  137  9:12  Zealot x4  
  137  9:13  Zealot  
  137  9:14  Pylon  
  137  9:15  Pylon  
  147  9:31  Shield Battery  
  138  9:42  Stalker x6  
  127  9:59  Zealot  
  107  10:05  Zealot x6  
  103  10:11  Colossus x2 (Chrono Boost)  
  85  10:29  Zealot x7  
  85  10:32  Shield Battery  
  99  10:40  Photon Cannon  
  94  10:56  Zealot x4  
  102  10:57  Disruptor, Protoss Ground Armor Level 1 (Chrono Boost)  
  102  10:58  Disruptor  
  106  11:15  Stalker x3  
  106  11:17  Observer  
  112  11:18  Observer  
  96  11:29  Probe x3  
  96  11:32  Protoss Ground Weapons Level 3 (Chrono Boost)  
  99  11:35  Observer (Chrono Boost)  
  100  11:41  Probe x3  
  103  11:49  Assimilator  
  103  11:50  Disruptor  
  103  11:53  Probe x2  
  103  11:54  Probe  
  109  11:55  Disruptor  
  112  12:05  Probe  
  112  12:06  Probe x2  
  115  12:11  Photon Cannon  
  115  12:18  Probe x3  
  115  12:21  Sentry x3  
  124  12:30  Probe  
  124  12:36  Nexus  
  120  12:53  Probe x3  
  123  13:01  Protoss Ground Armor Level 2 (Chrono Boost)  
  123  13:03  Disruptor x2  
  123  13:05  Probe x3  
  131  13:14  Shield Battery  
  131  13:16  Stalker  
  133  13:20  Pylon x2  
  133  13:21  Pylon  
  133  13:23  Photon Cannon  
  133  13:28  Probe x2  
  133  13:30  Probe  
  133  13:31  Pylon  
  132  13:38  Stalker  
  132  13:39  Stalker x2  
  138  13:49  Stalker  
  138  13:50  Stalker x2  
  144  14:00  Gateway  
  144  14:01  Gateway  
  138  14:03  Stalker  
  138  14:04  Stalker  
  142  14:16  Stalker  
  142  14:17  Stalker x3  
  146  14:27  Stalker x2  
  148  14:38  Disruptor x2 (Chrono Boost)  
  138  14:40  Zealot x4  
  133  14:54  Stalker x2  
  115  15:00  Zealot x4  
  110  15:12  Stalker x2  
  114  15:14  Probe x4  
  118  15:21  Disruptor  
  118  15:22  Disruptor  
  118  15:24  Stalker x2  
  126  15:34  Zealot x3, Sentry  
  134  15:44  Zealot x2  
  131  15:53  Zealot x2  
  133  15:59  Stalker x4  
  131  16:06  Zealot x2  
  135  16:11  Observer  
  135  16:16  Disruptor x2 (Chrono Boost)  
  135  16:19  Stalker x2  
  135  16:20  Observer  
  137  16:29  Zealot x6  
  145  16:40  Nexus  
  145  16:45  Colossus (Chrono Boost)  
  143  16:48  Colossus (Chrono Boost)  
  155  17:08  Observer  
  155  17:11  Zealot x5  
  152  17:36  Pylon x2  
  152  17:43  Observer  
  152  17:48  Disruptor x2 (Chrono Boost)  
  158  18:05  Nexus  
  145  18:25  Stalker x5  
  132  19:00  High Templar x5  
  132  19:01  Zealot x2, High Templar  
  148  19:05  Archon x3  
  113  19:22  Stalker x2  
Tags
 
Add a new tag
Caveats
  • Supply blocks, unpowered buildings, or Contaminate may cause inaccurate times.
  • Supply counts are checked every 10 seconds.